← All builds
Front / Armada / Economy first / OBSERVED BUILD

Standard front

Armada Front build order · Supreme Isthmus

Standard Front economy-first opening with Bot Lab and Vehicle Plant thrown down almost immediately, transitioning into a mixed Blitz/Rocketeer/Pawn/Janus army feeding the middle over the game.

#eco · 1019 distinct matches · 135 players · 75% of Armada Front games · team won 63% of 1164 · Recently observed

HOW TO PLAY IT

Key timing: Vehicle Plant by 0:47

  1. Open 3 mex then Bot Lab and Vehicle Plant almost together.
  2. Layer wind while both labs start producing.
  3. Send early units to coast first to stop leaks, not middle.
  4. Add Construction Turrets as "Blitz", "Rocketeer", "Janus" mix builds up.
  5. Transition into Advanced Metal Extractor once T2 con is out.

Phase by phase

TYPICAL OF ITS 1019 GAMES
  1. 1
  2. 2
  3. 3
PLAY THE OPENING

Follow the example game's first 6:00 step by step: what to build now, what comes next, and where it goes. At 1× it keeps pace with your own game.

  1. 1

    Up to the Bot Lab

    Economy
    • Metal Extractor2Mex
    • Wind Turbine1Wind
    Order
    1. Bot LabBot Lab after 3 mex, 1 winddone ~0:45, middle half 0:35–8:28

    Some games also: Vehicle Plant (41%)

    By 0:28 in all: 2 mex · 1 wind

    The example game in this phase · 1 step
    1. Mex ×3
  2. 2

    Bot Lab to 5:00

    Economy
    • Metal Extractor4Mex
    • Wind Turbine3Wind
    Army
    • Sentry1 Sentry

    Some games also: rocketeer (46%) · con bot (45%) · Lazarus (44%) · tick (41%) · centurion (37%)

    By 5:00 in all: 6 mex · 7 wind

    The example game in this phase · 32 steps
    1. Wind
    2. Vehicle PlantVehicle Plantdone 0:53 · typical 0:48
    3. RoverScout ×3for Pond
    4. RoverScout ×2
    5. Construction VehicleCon vehicle
    6. Wind
    7. Construction VehicleCon vehicle
    8. JanusJanus
    9. Mex
    10. JanusJanus
    11. Mex
    12. Wind
    13. JanusJanus
    14. Wind ×2
    15. Mex
    16. JanusJanus ×2
    17. Dragon's TeethDragon's Teeth ×4
    18. BlitzBlitz
    19. Dragon's TeethDragon's Teeth ×4
    20. BlitzBlitz
    21. Dragon's TeethDragon's Teeth
    22. BlitzBlitz
    23. Dragon's TeethDragon's Teeth
    24. Con turret
    25. Dragon's TeethDragon's Teeth ×3
    26. BlitzBlitz
    27. Dragon's TeethDragon's Teeth ×4
    28. BlitzBlitz ×6
    29. Dragon's TeethDragon's Teeth ×3
    30. BlitzBlitz
    31. Dragon's TeethDragon's Teeth ×2
    32. BlitzBlitz ×4
  3. 3

    5:00 to 10:00

    Economy
    • Metal Extractor1Mex
    • Wind Turbine14Wind
    Builders
    • Construction Turret2 Con turret
    Army
    • Sentry1 Sentry

    Some games also: energy storage (46%) · rocketeer (39%) · blitz (38%) · Lazarus (36%) · pawn (36%)

    By 10:00 in all: 7 mex · 25 wind · 1 energy storage · 3 con turret

    The example game in this phase · 49 steps
    1. BlitzBlitz ×6
    2. Mex
    3. BlitzBlitz
    4. Wind
    5. BlitzBlitz
    6. Wind
    7. BlitzBlitz
    8. Wind
    9. BlitzBlitz
    10. Wind
    11. BlitzBlitz
    12. Wind
    13. SentrySentry
    14. BlitzBlitz
    15. Wind
    16. BlitzBlitz
    17. NettleNettle
    18. Wind
    19. BlitzBlitz
    20. Wind
    21. BlitzBlitz
    22. Wind
    23. BlitzBlitz ×4
    24. Wind
    25. Metal storage
    26. BlitzBlitz
    27. Con turret
    28. BlitzBlitz
    29. Con turret
    30. BlitzBlitz
    31. Mex
    32. Con turret
    33. BlitzBlitz
    34. Con turret
    35. Wind
    36. BlitzBlitz
    37. Wind
    38. BlitzBlitz
    39. Vehicle PlantVehicle Plantdone 8:12
    40. Wind
    41. BlitzBlitz
    42. Wind
    43. BlitzBlitz ×3
    44. Wind
    45. Advanced Metal ExtractorT2 mexnot finished by 15:00
    46. Mex
    47. BlitzBlitz
    48. Wind
    49. BlitzBlitz ×3

Counts are medians over the build's games: half of them build more, half fewer. The example game is Hummell's (46 OS, 02/10/2026); pick another.

Team trades

IN AT LEAST 30% OF ITS GAMES

You hand over

Nothing regular.

You get

  • Tidal Generator4 Tidal from Pondfirst at 0:18 · in 68% of games
  • Advanced Construction Bot1 T2 con bot from Geo or Techfirst at 7:17 · in 67% of games

How it plays out

Typical game of this build, running totals by minute

Metal produced

010k20k30k
0:005:0010:0015:00

metal

Enemy metal destroyed

05k10k
0:005:0010:0015:00

metal

Own metal lost

05k10k
0:005:0010:0015:00

metal

1164 games.

Show as table
ByMetal produced: This buildEnemy metal destroyed: This buildOwn metal lost: This build
1:0033300
2:008482131
3:001627141105
4:002717543333
5:0038681207820
6:00507821231523
7:00632830082441
8:00765038673358
9:00908646854311
10:001069753455046
11:001262558335699
12:001484563906497
13:001744970097188
14:002018476238083
15:002274883768941
WHAT THE NUMBERS SAY

Standard Front play wins more often than suicide front and produces more metal by 15:00, reflecting its safer positioning.

  • + Metal produced reaches 22219 by 15:00, above suicide front's 19882
  • + Own losses of 8949 stay under enemy metal destroyed's near-equal 8347
  • − First unit lost by 1:44 shows exposure even from the safer side
  • − Wider gap to defend demands disciplined coast-then-mid unit movement
THE EXAMPLE YOU ARE READING

Hummell

46.4 OS · 02/10/2026

Open source match ↗

14 received units · includes a constructor
298 metal received · 2590 energy received

Allied construction assistance is unknown. Timings are observations, not a promise of solo reproducibility.

Typical milestones

Bot Lab0:45Middle 50%: 0:35–8:28 · n=736
Vehicle Plant0:48Middle 50%: 0:38–0:59 · n=826
Advanced Metal Extractor8:54Middle 50%: 8:02–10:01 · n=930

Played most by

Hummell99games of this buildhaaven94games of this buildLeohvm83games of this buildXad65games of this buildImmort42games of this build